EL
SAN JOSE GIANTS @ SAN ANTONIO MISSIONS
08/11/2045
 
TOP OF THE 1ST
San Jose Giants batting - Pitching for San Antonio Missions : RHP Andy Dunmire
Pitching: RHP Andy Dunmire
Batting: LHB Pat Aviles 0-0: Called Strike
0-1: Foul Ball, location: 2F
0-2: Ground out 4-3 (Groundball, 4D, EV 105.6 MPH)
Batting: LHB Josh Straub 0-0: Ball
1-0: Ground out 5-3 (Groundball, 56S, EV 60.6 MPH)
Batting: LHB Juan Gonzalez 0-0: Ball
1-0: Swinging Strike
1-1: Foul Ball, location: 2F
1-2: Foul Ball, location: 2F
1-2: Ball
2-2: Ball
3-2: Base on Balls
Batting: LHB Fred Arends 0-0: Called Strike
0-1: Foul Ball, location: 2F
0-2: Foul Ball, location: 2F
0-2: Foul Ball, location: 2F
0-2: Foul Ball, location: 2F
0-2: SINGLE (Groundball, 34D, EV 94.4 MPH)
Juan Gonzalez to second
Runner from 2nd tries for 3rd, SAFE, throw by RF made to third
Batting: LHB Nate Conley 0-0: Called Strike
0-1: Ground out 4-3 (Groundball, 4, EV 86.2 MPH)
Top of the 1st over - 0 runs, 1 hit, 0 errors, 2 left on base; San Jose 0 - San Antonio 0
BOTTOM OF THE 1ST
San Antonio Missions batting - Pitching for San Jose Giants : RHP Mike Moon
Pitching: RHP Mike Moon
Batting: RHB Mario Mejia 0-0: Ball
1-0: SINGLE (Line Drive, 78S, EV 93.1 MPH)
Batting: SHB Devin Hottenstein 0-0: Ball
Mario Mejia steals 2nd base
1-0: Ball
2-0: Fly out, F7 (Flyball, 78XD, EV 93.1 MPH)
Runner from 2nd tags up, SAFE at 3rd, no throw by LF
Batting: LHB Ben Antal 0-0: Called Strike
0-1: Foul Ball, location: 2F
0-2: Ball
Wild Pitch!
Mario Mejia scores
1-2: Ball
2-2: SINGLE (Flyball, 4D, EV 96.2 MPH)
Batting: LHB Reinaldo Fidi 0-0: Ball
1-0: Ball
2-0: Called Strike
2-1: Foul Ball, location: 2F
2-2: Foul Ball, location: 2F
2-2: Ball
3-2: Strikes out swinging
Batting: LHB Josh Slusarczyk 0-0: Called Strike
0-1: Ball
1-1: Called Strike
1-2: Strikes out swinging
Bottom of the 1st over - 1 run, 2 hits, 0 errors, 1 left on base; San Jose 0 - San Antonio 1
TOP OF THE 2ND
San Jose Giants batting - Pitching for San Antonio Missions : RHP Andy Dunmire
Batting: RHB Doug Kennie 0-0: Ball
1-0: Ball
2-0: Called Strike
2-1: SINGLE (Groundball, 6MD, EV 98.8 MPH)
Batting: RHB Drew Duncan 0-0: Ball
1-0: Ball
2-0: Fly out, F3 (Popup, 3SF, EV 67.5 MPH)
Batting: RHB Bill Defazio 0-0: Ball
1-0: Grounds into double play, 4-6-3 (Groundball, 4MD, EV 86.9 MPH)
Top of the 2nd over - 0 runs, 1 hit, 0 errors, 0 left on base; San Jose 0 - San Antonio 1
BOTTOM OF THE 2ND
San Antonio Missions batting - Pitching for San Jose Giants : RHP Mike Moon
Batting: RHB Scott Schwartz 0-0: Called Strike
0-1: Foul Ball, location: 2F
0-2: Foul Ball, location: 2F
0-2: Ground out 5-3 (Groundball, 56, EV 82.5 MPH)
Batting: RHB Luwen Storm 0-0: Swinging Strike
0-1: Foul Ball, location: 2F
0-2: Ball
1-2: SINGLE (Groundball, 56, EV 86.2 MPH) (infield hit)
Batting: RHB Joe Weissman 0-0: Ball
Luwen Storm is caught stealing 2nd base 2-4
1-0: Swinging Strike
1-1: Ball
2-1: Ground out 3-1 (Groundball, 34, EV 107.5 MPH)
Bottom of the 2nd over - 0 runs, 1 hit, 0 errors, 0 left on base; San Jose 0 - San Antonio 1
TOP OF THE 3RD
San Jose Giants batting - Pitching for San Antonio Missions : RHP Andy Dunmire
Batting: RHB Mike Jones 0-0: Swinging Strike
0-1: Called Strike
0-2: Strikes out looking
Batting: LHB Pat Aviles 0-0: SINGLE (Groundball, 4D, EV 95.6 MPH)
Batting: LHB Josh Straub 0-0: Ball
1-0: Called Strike
1-1: SINGLE (Groundball, 56D, EV 101.2 MPH)
Pat Aviles to second
Batting: LHB Juan Gonzalez 0-0: Ball
1-0: Called Strike
1-1: Foul Ball, location: 2F
1-2: Ball
2-2: Ball
3-2: Base on Balls
Pat Aviles to third
Josh Straub to second
Batting: LHB Fred Arends 0-0: Fly out, F8 (Flyball, 78M, EV 91.2 MPH)
Runner from 3rd tags up, OUT at HOME! 8-2
Top of the 3rd over - 0 runs, 2 hits, 0 errors, 2 left on base; San Jose 0 - San Antonio 1
BOTTOM OF THE 3RD
San Antonio Missions batting - Pitching for San Jose Giants : RHP Mike Moon
Batting: LHB Bobby Adams 0-0: Called Strike
0-1: Foul Ball, location: 2F
0-2: Strikes out swinging
Batting: RHB Mario Mejia 0-0: Called Strike
0-1: SINGLE (Groundball, 34, EV 103.1 MPH)
Batting: SHB Devin Hottenstein 0-0: Ball
1-0: Ball
Mario Mejia steals 2nd base
2-0: Foul Ball, location: 2F
2-1: Fly out, F7 (Flyball, 7S, EV 73.1 MPH)
Batting: LHB Ben Antal 0-0: SINGLE (Groundball, 4D, EV 101.2 MPH)
Mario Mejia to third
Runner from 3rd tries for Home, SAFE, throw by CF to home
Batting: LHB Reinaldo Fidi 0-0: Ground out 4-3 (Groundball, 34D, EV 110.0 MPH)
Bottom of the 3rd over - 1 run, 2 hits, 0 errors, 1 left on base; San Jose 0 - San Antonio 2
TOP OF THE 4TH
San Jose Giants batting - Pitching for San Antonio Missions : RHP Andy Dunmire
Batting: LHB Nate Conley 0-0: Swinging Strike
0-1: Swinging Strike
0-2: Ball
1-2: Ball
2-2: Strikes out swinging
Batting: RHB Doug Kennie 0-0: Called Strike
0-1: Foul Ball, location: 2F
0-2: Ground out 6-3 (Groundball, 6D, EV 103.8 MPH)
Batting: RHB Drew Duncan 0-0: Called Strike
0-1: Called Strike
0-2: Ball
1-2: Foul Ball, location: 2F
1-2: Strikes out swinging
Top of the 4th over - 0 runs, 0 hits, 0 errors, 0 left on base; San Jose 0 - San Antonio 2
BOTTOM OF THE 4TH
San Antonio Missions batting - Pitching for San Jose Giants : RHP Mike Moon
Batting: LHB Josh Slusarczyk 0-0: Ball
1-0: Ball
2-0: Ball
3-0: Called Strike
3-1: Foul Ball, location: 2F
3-2: Foul Ball, location: 2F
3-2: Strikes out swinging
Batting: RHB Scott Schwartz 0-0: Swinging Strike
0-1: Ball
1-1: Ground out 5-3 (Groundball, 5L, EV 109.4 MPH)
Batting: RHB Luwen Storm 0-0: Ball
1-0: Foul Ball, location: 2F
1-1: Ball
2-1: Foul Ball, location: 2F
2-2: Strikes out swinging
Bottom of the 4th over - 0 runs, 0 hits, 0 errors, 0 left on base; San Jose 0 - San Antonio 2
TOP OF THE 5TH
San Jose Giants batting - Pitching for San Antonio Missions : RHP Andy Dunmire
Batting: RHB Bill Defazio 0-0: Called Strike
0-1: SINGLE (Line Drive, 7S, EV 91.9 MPH)
Batting: RHB Mike Jones 0-0: Ball
1-0: Called Strike
1-1: Ball
Bill Defazio is caught stealing 2nd base 2-4
2-1: Swinging Strike
2-2: Strikes out swinging
Batting: LHB Pat Aviles 0-0: Called Strike
0-1: Ball
1-1: Ground out U3 (Groundball, 3L, EV 103.1 MPH)
Top of the 5th over - 0 runs, 1 hit, 0 errors, 0 left on base; San Jose 0 - San Antonio 2
BOTTOM OF THE 5TH
San Antonio Missions batting - Pitching for San Jose Giants : RHP Mike Moon
Batting: RHB Joe Weissman 0-0: Ball
1-0: DOUBLE (Line Drive, 89XD, EV 106.2 MPH)
Batting: LHB Bobby Adams 0-0: Ball
1-0: Swinging Strike
1-1: Ball
2-1: DOUBLE (Line Drive, 89D, EV 110.6 MPH)
Joe Weissman scores
Batting: RHB Mario Mejia 0-0: Called Strike
0-1: Swinging Strike
0-2: Foul Ball, location: 2F
0-2: Ball
1-2: Strikes out swinging
Batting: SHB Devin Hottenstein 0-0: Called Strike
0-1: Ball
1-1: Called Strike
1-2: Ball
2-2: Strikes out swinging
Batting: LHB Ben Antal 0-0: Foul Ball, location: 2F
0-1: Foul Ball, location: 2F
0-2: Strikes out swinging
Bottom of the 5th over - 1 run, 2 hits, 0 errors, 1 left on base; San Jose 0 - San Antonio 3
TOP OF THE 6TH
San Jose Giants batting - Pitching for San Antonio Missions : RHP Andy Dunmire
Batting: LHB Josh Straub 0-0: Ball
1-0: Ground out U3 (Groundball, 3, EV 96.2 MPH)
Batting: LHB Juan Gonzalez 0-0: Swinging Strike
0-1: Foul Ball, location: 2F
0-2: Ball
1-2: Foul Ball, location: 2F
1-2: Strikes out swinging
Batting: LHB Fred Arends 0-0: Ball
1-0: Foul Ball, location: 2F
1-1: Called Strike
1-2: Ball
2-2: Strikes out swinging
Top of the 6th over - 0 runs, 0 hits, 0 errors, 0 left on base; San Jose 0 - San Antonio 3
BOTTOM OF THE 6TH
San Antonio Missions batting - Pitching for San Jose Giants : RHP Mike Moon
Batting: LHB Reinaldo Fidi 0-0: Called Strike
0-1: Called Strike
0-2: Foul Ball, location: 2F
0-2: Ball
1-2: Ground out U3 (Groundball, 3, EV 83.1 MPH)
Batting: LHB Josh Slusarczyk 0-0: Called Strike
0-1: Ball
1-1: Called Strike
1-2: Strikes out looking
Batting: RHB Scott Schwartz 0-0: Called Strike
0-1: Ball
1-1: Ground out 6-3 (Groundball, 6MS, EV 93.1 MPH)
Bottom of the 6th over - 0 runs, 0 hits, 0 errors, 0 left on base; San Jose 0 - San Antonio 3
TOP OF THE 7TH
San Jose Giants batting - Pitching for San Antonio Missions : RHP Andy Dunmire
Batting: LHB Nate Conley 0-0: Ball
1-0: Ball
2-0: Foul Ball, location: 2F
2-1: Ball
3-1: Base on Balls
Batting: RHB Doug Kennie 0-0: Ball
1-0: SINGLE (Line Drive, 89S, EV 86.9 MPH)
Nate Conley to second
Batting: RHB Drew Duncan 0-0: Called Strike
0-1: Ball
1-1: Swinging Strike
1-2: Fly out, F7 (Flyball, 7D, EV 81.9 MPH)
Batting: RHB Bill Defazio 0-0: Called Strike
0-1: Ball
1-1: Swinging Strike
1-2: Ball
2-2: Strikes out looking
Batting: RHB Mike Jones 0-0: Ball
1-0: Foul Ball, location: 2F
1-1: Fly out, F8 (Flyball, 8LD, EV 85.6 MPH)
Top of the 7th over - 0 runs, 1 hit, 0 errors, 2 left on base; San Jose 0 - San Antonio 3
BOTTOM OF THE 7TH
San Antonio Missions batting - Pitching for San Jose Giants : RHP Mike Moon
Batting: RHB Luwen Storm 0-0: Ball
1-0: Ball
2-0: Called Strike
2-1: Ball
3-1: Called Strike
3-2: Ground out 5-3 (Groundball, 5, EV 86.9 MPH)
Pitching: RHP Tadesse Karume
Batting: RHB Joe Weissman 0-0: SINGLE (Flyball, 89S, EV 94.4 MPH)
Batting: LHB Bobby Adams 0-0: Called Strike
0-1: Ball
1-1: Fly out, F8 (Line Drive, 8LM, EV 86.9 MPH)
Batting: RHB Mario Mejia 0-0: Foul Ball, location: 2F
0-1: Reached on error, E6 (Groundball, 6, EV 93.8 MPH)
Joe Weissman to second
Batting: SHB Devin Hottenstein 0-0: Ball
1-0: Foul Ball, location: 2F
1-1: Fly out, F7 (Flyball, 7LD, EV 105.6 MPH)
Bottom of the 7th over - 0 runs, 1 hit, 1 error, 2 left on base; San Jose 0 - San Antonio 3
TOP OF THE 8TH
San Jose Giants batting - Pitching for San Antonio Missions : RHP Andy Dunmire
Pitching: RHP Tim Stewart
Now at 1B: Bobby Adams
Now in LF: Ben Antal
Now in RF: Javy Portela
Batting: LHB Pat Aviles 0-0: Foul Ball, location: 2F
0-1: Ball
1-1: Foul Ball, location: 2F
1-2: DOUBLE (Line Drive, 78D, EV 108.1 MPH)
Batting: LHB Josh Straub 0-0: SINGLE (Groundball, 4MD, EV 101.2 MPH)
Pat Aviles to third
Runner from 3rd tries for Home, SAFE, throw by CF to home
Josh Straub to second
Batting: LHB Juan Gonzalez 0-0: Ball
1-0: Ball
Passed Ball!
Josh Straub to third
2-0: Swinging Strike
2-1: Ball
3-1: Base on Balls
Batting: LHB Fred Arends 0-0: Called Strike
0-1: Ball
1-1: Ball
2-1: Foul Ball, location: 2F
2-2: Foul Ball, location: 2F
2-2: Strikes out swinging
Batting: LHB Nate Conley 0-0: Ball
1-0: Called Strike
1-1: Foul Ball, location: 2F
1-2: Ball
2-2: Ball
3-2: Base on Balls
Juan Gonzalez to second
Batting: RHB Doug Kennie 0-0: Ball
1-0: Ball
2-0: Foul Ball, location: 2F
2-1: Swinging Strike
2-2: Strikes out swinging
Batting: RHB Drew Duncan 0-0: Ball
1-0: Called Strike
1-1: Ball
2-1: Foul Ball, location: 2F
2-2: Foul Ball, location: 2F
2-2: Ball
3-2: Foul Ball, location: 2F
3-2: Strikes out swinging
Top of the 8th over - 1 run, 2 hits, 0 errors, 3 left on base; San Jose 1 - San Antonio 3
BOTTOM OF THE 8TH
San Antonio Missions batting - Pitching for San Jose Giants : RHP Tadesse Karume
Batting: LHB Ben Antal 0-0: DOUBLE (Flyball, 78D, EV 105.6 MPH)
Batting: LHB Reinaldo Fidi 0-0: Intentional Walk
Batting: LHB Josh Slusarczyk 0-0: Ball
1-0: Ball
2-0: Ball
3-0: Base on Balls
Ben Antal to third
Reinaldo Fidi to second
Batting: RHB Scott Schwartz 0-0: Called Strike
0-1: Called Strike
0-2: Strikes out swinging
Pitching: RHP Phil Holmes
Batting: RHB Luwen Storm 0-0: Called Strike
0-1: Ball
1-1: Ball
2-1: Foul Ball, location: 2F
2-2: Foul Ball, location: 2F
2-2: Ball
3-2: Foul Ball, location: 2F
3-2: SINGLE (Groundball, 6MD, EV 108.1 MPH)
Ben Antal scores
Reinaldo Fidi to third
Josh Slusarczyk to second
Runner from 3rd tries for Home, SAFE, throw by CF to home
Batting: RHB Joe Weissman 0-0: Called Strike
0-1: Ball
Josh Slusarczyk steals 3rd base
1-1: Ball
2-1: Foul Ball, location: 2F
2-2: Ball
3-2: Foul Ball, location: 2F
3-2: Ground out 4-3 (Groundball, 4, EV 101.2 MPH)
Josh Slusarczyk scores
Luwen Storm to second
Batting: LHB Bobby Adams 0-0: Ball
1-0: Ball
2-0: Foul Ball, location: 2F
2-1: TRIPLE (Line Drive, 78XD, EV 108.8 MPH)
Luwen Storm scores
Batting: RHB Mario Mejia 0-0: Called Strike
0-1: Ball
1-1: Foul Ball, location: 2F
1-2: Ball
2-2: Strikes out swinging
Bottom of the 8th over - 4 runs, 3 hits, 0 errors, 1 left on base; San Jose 1 - San Antonio 7
TOP OF THE 9TH
San Jose Giants batting - Pitching for San Antonio Missions : RHP Tim Stewart
Batting: RHB Bill Defazio 0-0: Ball
1-0: Called Strike
1-1: Ball
2-1: Called Strike
2-2: Strikes out swinging
Batting: RHB Mike Jones 0-0: Foul Ball, location: 2F
0-1: Called Strike
0-2: Strikes out swinging
Batting: LHB Pat Aviles 0-0: Fly out, F8 (Flyball, 8LM, EV 81.2 MPH)
Top of the 9th over - 0 runs, 0 hits, 0 errors, 0 left on base; San Jose 1 - San Antonio 7
Wednesday, June 22nd , 2022 - OOTP Baseball 23.4 Build 64